 Dungeon Crawl Stone Soup version 0.28.0-53-g5a82cb258f (webtiles) character file.

Game seed: 5983995086058436837

11662 Infinimo the Basher (level 11, -10/124 HPs)
             Began as an Ogre Gladiator on May 26, 2022.
             Was a High Priest of Okawaru.
             Mangled by a death yak simulacrum (35 damage)
             ... in an ice cave.
             The game lasted 00:30:54 (18541 turns).

Infinimo the Basher (Ogre Gladiator)               Turns: 18541, Time: 00:30:55

Health: -10/124    AC:  9    Str: 20    XL:     11   Next: 81%
Magic:  11/11      EV: 16    Int: 13    God:    Okawaru [*****.]
Gold:   862        SH:  5    Dex: 10    Spells: 10/10 levels left

rFire   . . .      SeeInvis .   h - +0 giant spiked club
rCold   . . .      Faith    .   (shield currently unavailable)
rNeg    . . .      Spirit   .   b - +0 robe
rPois   .          Reflect  +   c - +0 hat
rElec   .          Harm     .   r - +1 cloak
rCorr   .          Rampage  .   (gloves unavailable)
Will    +....                   (boots unavailable)
Stlth   +.........              t - amulet of reflection
HPRegen 0.30/turn               j - +4 ring of protection
MPRegen 0.12/turn               e - +4 ring of evasion

@: no status effects
A: large, unfitting armour, tough skin 1
a: Renounce Religion, Heroism, Finesse, Duel


You were in an ice cave.
You worshipped Okawaru.
Okawaru was extremely pleased with you.
You visited 2 branches of the dungeon, and saw 12 of its levels.
You also visited: Ice Cave.

You collected 862 gold pieces.

Inventory:

Hand Weapons
 h - a +0 giant spiked club (weapon)
Missiles
 d - 3 throwing nets
 k - 3 large rocks (quivered)
Armour
 b - a +0 robe (worn)
 c - a +0 hat (worn)
 r - a +1 cloak (worn)
Jewellery
 e - a +4 ring of evasion (right hand)
 g - a ring of fire
 j - a +4 ring of protection (left hand)
 t - an amulet of reflection (around neck)
Wands
 u - a wand of iceblast (6)
 B - a wand of acid (4)
Scrolls
 f - 2 scrolls of fog
 m - 2 scrolls of fear
 n - 3 scrolls of teleportation
 o - 2 scrolls of blinking
 x - a scroll of magic mapping
Potions
 a - a potion of lignification
 i - 4 potions of brilliance
 l - a potion of curing {unknown}
 p - 3 potions of flight
 q - 3 potions of degeneration
 s - 2 potions of ambrosia
 w - a potion of resistance {unknown}
 z - 5 potions of mutation
 A - 3 potions of attraction
 D - a potion of cancellation {unknown}


   Skills:
 + Level 12.3 Fighting
 * Level 12.3 Maces & Flails
 - Level 2.0 Throwing
 + Level 9.0 Dodging


You had 10 spell levels left.
You didn't know any spells.
Your spell library contained the following spells:

 Spells                   Type           Power      Damage    Failure   Level
 Summon Forest            Summ/Tloc      Unusable   N/A       N/A         5
 Summon Mana Viper        Hex/Summ       Unusable   N/A       N/A         5
 Summon Cactus Giant      Summ           Unusable   N/A       N/A         6

Dungeon Overview and Level Annotations

Branches:
Dungeon (11/15)            Temple (1/1) D:5            Lair (0/6) D:9
    Orc (0/2) D:10          IceCv (1/1)

Altars:
Ashenzari
Cheibriados
Dithmenos
Elyvilon
Fedhas
Gozag
Hepliaklqana
Kikubaaqudgha
Makhleb
Nemelex Xobeh
Okawaru
Qazlal
Ru
Sif Muna
Trog
Uskayaw
Vehumet
Wu Jian
Xom
Yredelemnul
Zin
The Shining One

Annotations:
D:2 1 runed translucent door, Crazy Yiuf
D:7 2 exclusions
D:8 exclusion: ugly thing


Innate Abilities, Weirdness & Mutations

You are too large for most types of armour.
You have tough skin. (AC +1)


Message History

The world spins around you as you enter the gateway.
You enter an ice cave!
Found an ice covered gate leading back out of this place.
There is an ice choked empty arch of ancient stone here.
There is an ice covered gate leading back out of this place here.
The wolf simulacrum barely misses you.
You sock the wolf simulacrum!
The wolf simulacrum vaporises!
Okawaru accepts your kill.
You spit the death yak simulacrum like a pig!!!
The death yak simulacrum is almost destroyed.
The death yak simulacrum barely misses you.
You pound the death yak simulacrum like an anvil!!!
The death yak simulacrum vaporises!
Okawaru accepts your kill.
You block the death yak simulacrum's attack.
The cane toad simulacrum completely misses you.
Your Dodging skill increases to level 9!
You puncture the cane toad simulacrum!
The cane toad simulacrum is severely damaged.
The cane toad simulacrum barely misses you.
The death yak simulacrum gores you!! The death yak simulacrum freezes you!!
You hit the cane toad simulacrum.
The cane toad simulacrum is severely damaged.
The cane toad simulacrum misses you. The death yak simulacrum misses you.
You hit the cane toad simulacrum.
The cane toad simulacrum vaporises!
Okawaru accepts your kill. The death yak simulacrum gores you!
The death yak simulacrum freezes you!!
* * * LOW HITPOINT WARNING * * *
You feel much better. The death yak simulacrum gores you!
The death yak simulacrum freezes you!!
* * * LOW HITPOINT WARNING * * *
You feel much better.
You impale the death yak simulacrum!!
The death yak simulacrum is heavily damaged.
The death yak simulacrum gores you!
* * * LOW HITPOINT WARNING * * *
The death yak simulacrum freezes you!!
You die...

#### ##..##
###....##
..##....°..#
.......∩.@.#
#.......Z..#
##..##....##
## ##..##
####


You could see a death yak simulacrum.

Vanquished Creatures
  Snorg (D:11)
  A two-headed ogre (D:10)
  Joseph (D:9)
  2 rime drakes (D:11)
  A kobold demonologist (D:10)
  2 hornets
  A wyvern (D:8)
  A wraith (D:9)
  14 yaks
  3 steam dragons
  A death yak simulacrum (IceCv)
  2 acid dragons
  2 water moccasins (D:7)
  14 orc warriors
  An ice beast (D:6)
  3 black bears
  4 centaurs
  A phantom (D:5)
  9 kobold brigands
  4 bullfrogs
  A wyvern zombie (D:7)
  A cane toad simulacrum (IceCv)
  A gnoll sergeant (D:4)
  A wyvern skeleton (D:7)
  A water moccasin skeleton (D:5)
  3 killer bees (D:6)
  14 wights
  2 howler monkeys
  A vampire bat (D:3)
  A bullfrog skeleton (D:6)
  6 orc priests
  2 centaur skeletons
  2 centaur zombies
  3 hounds
  2 jellies
  A gnoll shaman (D:9)
  2 iguanas
  A scorpion zombie (D:4)
  8 orc wizards
  A wolf simulacrum (IceCv)
  A killer bee zombie (D:8)
  A hound zombie (D:5)
  2 howler monkey zombies
  11 gnolls
  5 adders
  3 shadow imps
  2 ufetubi
  2 worms (D:2)
  2 dart slugs
  3 fire bats (D:3)
  64 orcs
  2 spectral bats (D:3)
  4 ball pythons
  3 bat skeletons (D:3)
  A bat zombie (D:3)
  4 endoplasms
  2 giant cockroaches
  9 goblins
  9 hobgoblins
  4 quokkas
  13 bats
  A bat simulacrum (D:3)
  3 frilled lizards
  46 kobolds
  13 kobold skeletons (D:10)
  5 kobold zombies (D:10)
  12 rats
  A spectral kobold (D:4)
350 creatures vanquished.

Vanquished Creatures (others)
  A wizard (D:5)
  A kobold (D:10)
  16 fungi
  54 plants
72 creatures vanquished.

Grand Total: 422 creatures vanquished

Notes
Turn   | Place    | Note
-------+----------+-------------------------------------------
     0 | D:1      | Infinimo the Ogre Gladiator began the quest for the Orb.
     0 | D:1      | Reached XP level 1. HP: 22/22 MP: 1/1
    59 | D:1      | Reached XP level 2. HP: 30/31 MP: 2/2
   759 | D:2      | Reached XP level 3. HP: 37/37 MP: 3/3
  1099 | D:2      | Found a faded altar of an unknown god.
  1585 | D:2      | Reached XP level 4. HP: 37/46 MP: 4/4
  2308 | D:2      | Found a runed translucent door.
  2309 | D:2      | Noticed Crazy Yiuf
  2735 | D:3      | Reached XP level 5. HP: 54/54 MP: 5/5
  2925 | D:3      | Reached XP level 6. HP: 55/62 MP: 6/6
  3811 | D:4      | Identified the +5 ring mail "Legiri" {rCorr Str+2 Int-5
                  | Dex+3}
  3873 | D:4      | Identified a scroll of acquirement
  3873 | D:4      | Acquired a +4 ring of evasion
  3976 | D:4      | Found a glowing silver altar of Zin.
  4282 | D:4      | Reached skill level 5 in Fighting
  4282 | D:4      | Reached skill level 5 in Maces & Flails
  4402 | D:4      | Found a hazy altar of Hepliaklqana.
  4908 | D:4      | Reached XP level 7. HP: 72/72 MP: 7/7
  5106 | D:5      | Entered Level 5 of the Dungeon
  5471 | D:5      | Found a staircase to the Ecumenical Temple.
  6081 | D:5      | Found a bloodstained altar of Trog.
  6083 | D:5      | Noticed a wizard
  6088 | D:5      | Killed a wizard
  6249 | D:5      | Reached XP level 8. HP: 64/83 MP: 8/8
  6816 | Temple   | Entered the Ecumenical Temple
  7030 | Temple   | Became a worshipper of Warmaster Okawaru
  7107 | D:6      | Reached skill level 5 in Dodging
  7193 | D:6      | Identified the +8 war axe "Zoneuh" {venom, +Blink Int+4
                  | Dex+3}
  8133 | D:6      | Reached * piety under Okawaru
  8543 | D:6      | Reached XP level 9. HP: 61/94 MP: 9/9
  8759 | D:6      | Found a burning altar of Makhleb.
 10609 | D:7      | Reached ** piety under Okawaru
 10836 | D:8      | Found the +3 pair of gauntlets of War {Slay+5}
 11682 | D:8      | Reached XP level 10. HP: 91/107 MP: 10/10
 12856 | D:8      | Noticed a cyan ugly thing
 12859 | D:8      | Noticed an eight-headed hydra
 13510 | D:9      | Noticed Joseph
 13693 | D:9      | Reached skill level 10 in Fighting
 13693 | D:9      | Reached skill level 10 in Maces & Flails
 13797 | D:9      | Reached *** piety under Okawaru
 13838 | D:9      | Found a basalt altar of Yredelemnul.
 14364 | D:9      | Killed Joseph
 14679 | D:9      | Reached **** piety under Okawaru
 14705 | D:9      | Found a staircase to the Lair.
 14901 | D:8      | Reached XP level 11. HP: 107/120 MP: 11/11
 15085 | D:9      | Found a shimmering blue altar of Sif Muna.
 15104 | D:9      | Found a hide-covered altar of Uskayaw.
 15184 | D:9      | Found an ornate altar of the Wu Jian Council.
 15733 | D:10     | Entered Level 10 of the Dungeon
 15788 | D:10     | Reached ***** piety under Okawaru
 16664 | D:10     | Noticed a two-headed ogre
 16683 | D:10     | Killed a two-headed ogre
 16683 | D:10     | Received a gift from Okawaru
 17076 | D:10     | Found a staircase to the Orcish Mines.
 18163 | D:10     | Found an ancient bone altar of Kikubaaqudgha.
 18329 | D:11     | Found a frozen archway.
 18329 | D:11     | Noticed Snorg
 18344 | D:11     | Killed Snorg
 18527 | IceCv    | Entered an ice cave
 18541 | IceCv    | Mangled by a death yak simulacrum

Illustrated notes

Levels and vault maps discovered:
D:1:      scummos_arrival_hexagon, layout_loops_ring
D:2:      layout_loops_corners, shapermc_ecumenical_altar_acropolis,
          st_stairs_13, dk_noncrumbling_4, minmay_pentomino_u4,
          uniq_crazy_yiuf_cottage
D:3:      layout_loops_ring, goddamned_bats
D:4:      layout_basic, zin_statuary, nicolae_hepliaklqana_monster_ancestors,
          st_stairs_11
D:5:      layout_basic, trog_wizard, minmay_temple_entry_gardened_gates
D:6:      layout_rooms, lightli_temple_of_fire
D:7:      layout_cave_pools, serial_bayou, serial_bayou_shore_a,
          serial_bayou_lagoon_a, serial_bayou_crossing, serial_bayou_pond_c,
          serial_bayou_shore_b
D:8:      layout_loops_ring, special_room [special_room_orc]
D:9:      layout_rooms, mainiacjoe_overflow_surrounded_room,
          mainiacjoe_overflow_alcove_2,
          chequers_temple_overflow_statue_of_worship,
          grunt_lair_entry_orc_guard_hut, serial_corexii_hall,
          chequers_hall_statues_wall_a, chequers_hall_statues_y,
          grunt_ministairs_1, uniq_joseph
D:10:     wander_kiku_kobolds, layout_loops_corners, hiddenorc1_lemuel,
          kennysheep_nub, fungi_pond_lemuel, hangedman_decor_lopped,
          minmay_diced_spiral
D:11:     layout_loops_corners, portal_ice_cave_rime,
          nicolae_kikubaaqudgha_miasma_corner, uniq_snorg
Temple:   eino_narrow_crystal_temple
IceCv:    ice_cave_small_necro

Skill      XL: |  1  2  3  4  5  6  7  8  9 10 11 |
---------------+----------------------------------+-----
Fighting       | 3 4 5 6 7 9 11 12 | 12.3
Maces & Flails | 3 4 5 6 7 9 11 12 | 12.3
Dodging        | 3 4 5 6 8 9 |  9.0
Throwing       | |  2.0

Action                   |  1- 3 |  4- 6 |  7- 9 | 10-12 || total
-------------------------+-------+-------+-------+-------++-------
Melee: Flail             |    74 |   226 |   405 |       ||   705
       Punch             |     1 |     1 |     3 |       ||     5
       Great mace        |       |       |       |   377 ||   377
       Giant spiked club |       |       |       |   168 ||   168
Throw: Large rock        |    12 |       |     9 |       ||    21
       Throwing net      |     1 |       |     2 |       ||     3
Evoke: Wand              |       |       |     6 |     4 ||    10
  Use: Scroll            |       |     6 |    12 |     7 ||    25
       Potion            |       |       |     2 |     3 ||     5
 Stab: Sleeping          |     1 |       |       |       ||     1
Armor: Robe              |    22 |   122 |   102 |   121 ||   367
Dodge: Dodged            |    41 |   194 |   271 |   346 ||   852
Block: Other             |       |    12 |    83 |   137 ||   232
       Reflection        |       |     1 |       |     8 ||     9
